← All builds
Front / Armada / Economy first / OBSERVED BUILD

Gauntlet defence

Armada Front build order · Supreme Isthmus

Economy-first start that commits early to a Gauntlet around 5:30 for static area-control defence at the front, well ahead of the usual time, holding the middle while eco continues behind it.

#defence #artillery · 114 distinct matches · 54 players · 6% of Armada Front games · team won 54% of 117 · Recently observed

THE CATCH, AND WHAT COMES WITH IT
  • GauntletEarly defence from 5:27 · 9% of role by thenOnly 9% of Front games have it by then; others who build it get it around 11:11

Where those units first fight, in 102 games with kill data: in the middle 100%.

Those units destroy a typical 600 metal of enemy units by 15:00.

Then transitions into blitz (13% of army), rocketeer (11% of army), Rattlesnake (8% of army).

HOW TO PLAY IT

Key timing: Gauntlet by 5:30

  1. Open 3 mex into wind and a vehicle plant, economy first as usual.
  2. Add radar and early defence (Sentry, Beamer) toward the coast gap.
  3. Commit to a Gauntlet well ahead of schedule to anchor a forward line.
  4. Reinforce the line with Blitz and Rocketeer around the Gauntlet.
  5. Upgrade mex to advanced and transition into the normal t1 mix.

Phase by phase

TYPICAL OF ITS 114 GAMES · AGAINST STANDARD FRONT
  1. 1
  2. 2
  3. 3
PLAY THE OPENING

Follow the example game's first 6:27 step by step: what to build now, what comes next, and where it goes. At 1× it keeps pace with your own game.

  1. 1

    Up to the Bot Lab

    Economy
    • Metal Extractor2Mex
    • Wind Turbine1Wind
    Order
    1. Bot LabBot Lab after 3 mex, 1 winddone ~0:45, middle half 0:39–8:37

    Some games also: Vehicle Plant (39%)

    By 0:28 in all: 2 mex · 1 wind

    The example game in this phase · 124 steps
    1. Vehicle PlantVehicle Plantdone 0:22 · typical 0:47
    2. RoverScout
    3. Wind
    4. RoverScout ×2
    5. Construction VehicleCon vehicle
    6. Wind
    7. Mex ×2
    8. Construction VehicleCon vehicle
    9. Mex
    10. JanusJanus
    11. Mex
    12. JanusJanus
    13. Mex
    14. Construction VehicleCon vehicle
    15. Mex
    16. Wind
    17. JanusJanus
    18. Mex
    19. Wind ×2
    20. JanusJanus
    21. Wind
    22. SentrySentry
    23. Energy storage
    24. JanusJanus
    25. BeamerBeamer
    26. Con turret
    27. JanusJanus
    28. Con turret
    29. BlitzBlitz
    30. Wind
    31. BlitzBlitz
    32. BeamerBeamer
    33. Wind
    34. BlitzBlitz ×2
    35. Con turret
    36. Wind ×2
    37. BlitzBlitz
    38. Wind
    39. BlitzBlitz
    40. Wind
    41. BlitzBlitz
    42. Con turret
    43. Wind
    44. BlitzBlitz
    45. Wind
    46. BlitzBlitz
    47. Wind
    48. BlitzBlitz
    49. Wind
    50. BlitzBlitz
    51. Con turret
    52. Vehicle PlantEat Vehicle Plantreclaimed for its metal
    53. Con turret
    54. Wind ×2
    55. Dragon's TeethDragon's Teeth
    56. Wind
    57. Dragon's TeethDragon's Teeth
    58. Wind ×2
    59. Dragon's TeethDragon's Teeth
    60. Wind
    61. Dragon's TeethDragon's Teeth
    62. Wind
    63. BeamerBeamer
    64. Wind
    65. Con turret
    66. Dragon's TeethDragon's Teeth
    67. BeamerBeamer
    68. Con turret
    69. BeamerBeamer
    70. Wind ×9
    71. Con turret
    72. Dragon's TeethDragon's Teeth ×2
    73. Converter
    74. Dragon's TeethDragon's Teeth
    75. Con turret
    76. Dragon's TeethDragon's Teeth
    77. Converter
    78. Con turret
    79. Converter
    80. Advanced Metal ExtractorT2 mexdone 8:07 · typical 8:58
    81. Wind
    82. Converter
    83. BeamerBeamer
    84. Converter
    85. Advanced Metal ExtractorT2 mex
    86. Wind
    87. Converter
    88. BeamerBeamer
    89. Wind
    90. Advanced Metal ExtractorT2 mex
    91. Wind
    92. Converter
    93. Wind
    94. Converter
    95. Dragon's TeethDragon's Teeth ×3
    96. Converter
    97. Dragon's TeethDragon's Teeth
    98. Advanced Metal ExtractorT2 mex
    99. Dragon's TeethDragon's Teeth ×2
    100. Converter
    101. Wind
    102. Dragon's TeethDragon's Teeth ×2
    103. Converter
    104. Dragon's TeethDragon's Teeth ×2
    105. Converter
    106. Wind
    107. Dragon's TeethDragon's Teeth
    108. Wind
    109. Converter
    110. Wind
    111. Dragon's TeethDragon's Teeth ×2
    112. Converter
    113. Dragon's TeethDragon's Teeth ×4
    114. BeamerBeamer
    115. Wind
    116. Advanced Metal ExtractorT2 mex
    117. BeamerBeamer ×2
    118. Con turret ×2
    119. Advanced Metal ExtractorT2 mex
    120. BeamerBeamer ×2
    121. Wind ×3
    122. Sneaky PeteSneaky Pete
    123. Wind ×2
    124. Bot LabBot Labdone 10:37 · typical 0:45
  2. 2

    Bot Lab to Early defence

    Economy
    • Metal Extractor4Mex
    • Wind Turbine4Wind−2 vs standard
    Order
    1. GauntletEarly defence after 6 mex, 6 wind, 1 con turretdone ~6:30, middle half 6:00–7:03
    Builders
    • Construction Bot2 Con bot +2 vs standard
    Army
    • Sentry1 Sentry

    Some games also: rocketeer (49%) · tick (47%) · Lazarus (44%) · con turret (44%) · Radar Tower (41%)

    The standard build makes here, this one skips: 2 con vehicle · 3 janus

    By 5:27 in all: 6 mex · 7 wind · 1 con turret

    The example game in this phase · 1 step
    1. GauntletGauntletdone 6:25 · typical 6:30
  3. 3

    Early defence to 10:00

    Economy
    • Metal Extractor1Mex
    • Wind Turbine16Wind
    Builders
    • Construction Turret2 Con turret

    Some games also: Dragon's Teeth (46%) · energy storage (45%) · Beamer (45%) · Sentry (39%) · converter (36%) · eat Vehicle Plant (32%)

    The standard build makes here, this one skips: 2 blitz

    By 10:00 in all: 7 mex · 26 wind · 1 energy storage · 4 con turret

    The example game in this phase · 66 steps
    1. Advanced Metal ExtractorT2 mex
    2. Wind
    3. Construction BotCon bot ×2
    4. JunoJuno
    5. Wind
    6. Construction BotCon bot
    7. Wind ×4
    8. Construction BotCon bot
    9. Wind
    10. Con turret
    11. Wind
    12. RattlesnakeRattlesnakedone 11:56
    13. Wind ×2
    14. Construction BotCon bot
    15. Wind ×2
    16. Construction BotCon bot
    17. Wind ×4
    18. Construction BotCon bot
    19. Wind ×2
    20. Construction BotCon bot
    21. Wind ×2
    22. Construction BotCon bot
    23. Wind ×2
    24. Advanced Fusion ReactorAdvanced Fusion Reactornot finished by 15:00
    25. Wind ×3
    26. Construction BotCon bot
    27. Wind ×2
    28. Con turret
    29. Wind ×16
    30. Con turret
    31. Wind ×5
    32. Con turret
    33. Wind ×4
    34. Con turret
    35. Wind ×4
    36. Con turret
    37. Wind ×5
    38. Con turret
    39. Wind ×5
    40. Con turret
    41. Wind ×3
    42. Con turret
    43. Wind ×11
    44. Con turret
    45. Wind
    46. Converter
    47. BeamerBeamer
    48. Converter
    49. Con turret ×2
    50. Converter
    51. Con turret ×3
    52. Converter
    53. Con turret ×2
    54. Bot LabBot Labdone 14:42
    55. Con turret
    56. BeamerBeamer
    57. Converter
    58. TickTick ×2
    59. Converter
    60. TickTick ×2
    61. Fortification WallFortification Wall
    62. TickTick ×2
    63. Fortification WallFortification Wall
    64. TickTick ×2
    65. Converter
    66. TickTick ×2

Counts are medians over the build's games: half of them build more, half fewer. The example game is haaven's (41 OS, 08/10/2026); pick another.

Team trades

IN AT LEAST 30% OF ITS GAMES

You hand over

Nothing regular.

You get

  • Tidal Generator4 Tidal from Pondfirst at 0:18 · in 73% of games
  • Advanced Construction Bot1 T2 con bot from Geo or Techfirst at 7:13 · in 66% of games

How it plays out

Typical game of this build against the role’s standard build, running totals by minute

  • This build
  • Standard front

Metal produced

010k20k30k
0:005:0010:0015:00

metal

Enemy metal destroyed

05k10k
0:005:0010:0015:00

metal

Own metal lost

05k10k
0:005:0010:0015:00

metal

117 games.

Show as table
ByMetal produced: This buildMetal produced: Standard frontEnemy metal destroyed: This buildEnemy metal destroyed: Standard frontOwn metal lost: This buildOwn metal lost: Standard front
1:003333330000
2:0086084426213131
3:0016531621129143106105
4:0027252709409545312333
5:00391138558361200614813
6:00518550601453208011131512
7:00634962991998294118572450
8:00763476242719378025513332
9:00906290603589460931554251
10:0010919106614045524339754952
11:0013268125914574574647745677
12:0015966147745287630557256491
13:0018610173765781690666507192
14:0022005200896594756378328079
15:0025153226567101829589338940
WHAT THE NUMBERS SAY

Won less often than the standard build, with lower kills despite better own metal production.

  • + Metal production by 15:00 ahead of standard (25351 vs 22714).
  • + Own metal lost by 15:00 close to standard despite early defensive commitment (8868 vs 8944).
  • − Team win rate only 58% vs 63% for standard build.
  • − Enemy metal destroyed by 15:00 clearly lower (7050 vs 8365).
THE EXAMPLE YOU ARE READING

haaven

41.3 OS · 08/10/2026

Open source match ↗

7 received units · includes a constructor
265 metal received · 83638 energy received

Allied construction assistance is unknown. Timings are observations, not a promise of solo reproducibility.

Typical milestones

Bot Lab0:45Middle 50%: 0:39–8:37 · n=80
Vehicle Plant0:47Middle 50%: 0:42–0:53 · n=71
Gauntlet6:30Middle 50%: 6:00–7:03 · n=97
Advanced Metal Extractor8:58Middle 50%: 8:12–10:14 · n=94

Played most by

Leohvm14games of this buildDRM8games of this buildGodmother135games of this buildJustSomeGuy5games of this buildIcouldbeToxic4games of this build